TOP OF THE 1ST |
Hudson Valley Renegades batting - Pitching for Spokane Indians : RHP Erik Sever
|
Pitching: RHP Erik Sever
|
|
Batting: SHB Chris Lockart
|
0-0: Called Strike 0-1: Called Strike 0-2: Foul Ball, location: 2F 0-2: Ball 1-2: Strikes out looking
|
Batting: RHB Chris Thorson
|
0-0: Ball 1-0: Ground out 6-3 (Groundball, 6S, EV 75.0 MPH)
|
Batting: RHB Adam Kaeser
|
0-0: Swinging Strike 0-1: Ball 1-1: Ball 2-1: Ball 3-1: Called Strike 3-2: Base on Balls
|
Batting: RHB Eddie Zamora
|
0-0: Foul Ball, location: 2F 0-1: Fielders Choice at 2nd, 5-4 (Groundball, 56, EV 110.0 MPH)
|
Top of the 1st over - 0 runs, 0 hits, 0 errors, 1 left on base; Hudson Valley 0 - Spokane 0 |
BOTTOM OF THE 1ST |
Spokane Indians batting - Pitching for Hudson Valley Renegades : RHP David Zupon
|
Pitching: RHP David Zupon
|
|
Batting: RHB Dennis Daniels
|
0-0: Ball 1-0: Ball 2-0: Foul Ball, location: 2F 2-1: Ball 3-1: Base on Balls
|
Batting: LHB Ben Radach
|
0-0: Called Strike Dennis Daniels steals 2nd base 0-1: Fly out, F8 (Flyball, 8LM, EV 76.2 MPH)
|
Batting: LHB Gabriel Graves
|
0-0: Ball Dennis Daniels steals 3rd base 1-0: Ball 2-0: Swinging Strike 2-1: Swinging Strike 2-2: Strikes out swinging
|
Batting: RHB Dale Aubrey
|
0-0: Foul Ball, location: 2F 0-1: Called Strike 0-2: Ball 1-2: Foul Ball, location: 2F 1-2: Fly out, F8 (Flyball, 8LXD, EV 79.4 MPH)
|
Bottom of the 1st over - 0 runs, 0 hits, 0 errors, 1 left on base; Hudson Valley 0 - Spokane 0 |
TOP OF THE 2ND |
Hudson Valley Renegades batting - Pitching for Spokane Indians : RHP Erik Sever
|
Batting: RHB Eric Waugaman
|
0-0: Foul Ball, location: 2F 0-1: Ground out U3 (Groundball, 34S, EV 68.1 MPH)
|
Batting: RHB Evan Chalarian
|
0-0: DOUBLE (Line Drive, 7LM, EV 97.5 MPH)
|
Pinch Runner at 2nd Alex Genao:
|
|
Batting: SHB Josif Popovski
|
0-0: Ball 1-0: Foul Ball, location: 2F 1-1: Swinging Strike 1-2: Ball 2-2: Ball 3-2: Foul Ball, location: 2F 3-2: Foul Ball, location: 2F 3-2: TRIPLE (Flyball, 89XD, EV 102.5 MPH) Alex Genao scores
|
Batting: RHB Kunizo Yanagisawa
|
0-0: Called Strike 0-1: Ball 1-1: Ball 2-1: Foul Ball, location: 2F 2-2: TRIPLE (Flyball, 78XD, EV 91.9 MPH) Josif Popovski scores
|
Batting: RHB Jesus Baires
|
0-0: Ball 1-0: Reached on error, E4 (Groundball, 4, EV 96.9 MPH) Kunizo Yanagisawa scores
|
Batting: SHB Chris Lockart
|
0-0: Called Strike 0-1: Foul Ball, location: 2F 0-2: Ball 1-2: SINGLE (Groundball, 34S, EV 66.2 MPH) (infield hit) Jesus Baires to third
|
Batting: RHB Chris Thorson
|
0-0: Ball 1-0: Foul Ball, location: 2F 1-1: Foul Ball, location: 2F 1-2: Strikes out swinging
|
Batting: RHB Adam Kaeser
|
0-0: Ground out 6-3 (Groundball, 6S, EV 68.8 MPH)
|
Top of the 2nd over - 3 runs, 4 hits, 1 error, 2 left on base; Hudson Valley 3 - Spokane 0 |
BOTTOM OF THE 2ND |
Spokane Indians batting - Pitching for Hudson Valley Renegades : RHP David Zupon
|
Pitching: RHP Carlos Najera
|
|
Now at 2B: Alex Genao
|
|
Now at SS: Eric Waugaman
|
|
Batting: SHB David Simpson
|
0-0: Ground out 6-3 (Groundball, 6S, EV 74.4 MPH)
|
Batting: LHB Mike Sammons
|
0-0: Ball 1-0: Foul Ball, location: 2F 1-1: Ball 2-1: Foul Ball, location: 2F 2-2: DOUBLE (Line Drive, 7LM, EV 91.2 MPH)
|
Batting: LHB Dave Doughty
|
0-0: SINGLE (Line Drive, 9LS, EV 99.4 MPH) Mike Sammons to third
|
Pinch Hitting: LHB Yat-sen Zhu
|
0-0: Ball 1-0: Foul Ball, location: 2F 1-1: Ball 2-1: Foul Ball, location: 2F 2-2: Foul Ball, location: 2F 2-2: Foul Ball, location: 2F 2-2: DOUBLE (Flyball, 89XD, EV 107.5 MPH) Mike Sammons scores Dave Doughty to third
|
Batting: RHB Zi-jing Wang
|
0-0: Foul Ball, location: 2F 0-1: Foul Ball, location: 2F 0-2: Ball 1-2: DOUBLE (Line Drive, 9LS, EV 101.2 MPH) Dave Doughty scores Yat-sen Zhu scores
|
Pitching: RHP Yang Meng
|
|
Batting: RHB Dennis Daniels
|
0-0: Called Strike 0-1: SINGLE (Groundball, 5S, EV 70.6 MPH) (infield hit) Zi-jing Wang to third
|
Batting: LHB Ben Radach
|
0-0: Called Strike 0-1: Ball 1-1: Called Strike 1-2: Fly out, F8 (Flyball, 78D, EV 83.1 MPH) Runner from 3rd tags up, SCORES, no throw by CF
|
Batting: LHB Gabriel Graves
|
0-0: Ball Dennis Daniels steals 2nd base 1-0: Ball 2-0: Fly out, F8 (Flyball, 89M, EV 89.4 MPH)
|
Bottom of the 2nd over - 4 runs, 5 hits, 0 errors, 1 left on base; Hudson Valley 3 - Spokane 4 |
TOP OF THE 3RD |
Hudson Valley Renegades batting - Pitching for Spokane Indians : RHP Erik Sever
|
Now at 3B: Yat-sen Zhu
|
|
Batting: RHB Eddie Zamora
|
0-0: Ball 1-0: Foul Ball, location: 2F 1-1: Called Strike 1-2: Ball 2-2: Strikes out swinging
|
Batting: RHB Eric Waugaman
|
0-0: Called Strike 0-1: Ground out 5-3 (Groundball, 5, EV 103.8 MPH)
|
Batting: LHB Alex Genao
|
0-0: Ball 1-0: Ball 2-0: Called Strike 2-1: Ball 3-1: Ground out U3 (Groundball, 34, EV 103.1 MPH)
|
Top of the 3rd over - 0 runs, 0 hits, 0 errors, 0 left on base; Hudson Valley 3 - Spokane 4 |
BOTTOM OF THE 3RD |
Spokane Indians batting - Pitching for Hudson Valley Renegades : RHP Yang Meng
|
Batting: RHB Dale Aubrey
|
0-0: Fly out, F4 (Popup, 4, EV 75.6 MPH)
|
Batting: SHB David Simpson
|
0-0: Ball 1-0: Swinging Strike 1-1: Foul Ball, location: 2F 1-2: Ball 2-2: Strikes out swinging
|
Batting: LHB Mike Sammons
|
0-0: Ball 1-0: Swinging Strike 1-1: Foul Ball, location: 2F 1-2: Foul Ball, location: 2F 1-2: Ball 2-2: Hit by Pitch
|
Batting: LHB Dave Doughty
|
0-0: Ball 1-0: Foul Ball, location: 2F 1-1: Called Strike 1-2: Foul Ball, location: 2F 1-2: Strikes out swinging
|
Bottom of the 3rd over - 0 runs, 0 hits, 0 errors, 1 left on base; Hudson Valley 3 - Spokane 4 |
TOP OF THE 4TH |
Hudson Valley Renegades batting - Pitching for Spokane Indians : RHP Erik Sever
|
Batting: SHB Josif Popovski
|
0-0: Ball 1-0: Ball 2-0: Called Strike 2-1: Foul Ball, location: 2F 2-2: Foul Ball, location: 2F 2-2: Ground out 1-3 (Groundball, 15S, EV 75.6 MPH)
|
Batting: RHB Kunizo Yanagisawa
|
0-0: SINGLE (Groundball, 6D, EV 103.8 MPH)
|
Batting: RHB Jesus Baires
|
0-0: Fielders Choice at 2nd, 6-4 (Groundball, 6, EV 91.9 MPH)
|
Batting: SHB Chris Lockart
|
0-0: Foul Ball, location: 2F 0-1: Ball 1-1: Fly out, F1 (Line Drive, P, EV 67.5 MPH)
|
Top of the 4th over - 0 runs, 1 hit, 0 errors, 1 left on base; Hudson Valley 3 - Spokane 4 |
BOTTOM OF THE 4TH |
Spokane Indians batting - Pitching for Hudson Valley Renegades : RHP Yang Meng
|
Batting: LHB Yat-sen Zhu
|
0-0: Ball 1-0: Ground out 4-3 (Groundball, 34, EV 91.9 MPH)
|
Batting: RHB Zi-jing Wang
|
0-0: Ball 1-0: Called Strike 1-1: Ball 2-1: Ball 3-1: Base on Balls
|
Batting: RHB Dennis Daniels
|
0-0: Swinging Strike 0-1: Ball 1-1: Fielders Choice at 2nd, 1-6 (Groundball, 13S, EV 61.2 MPH)
|
Batting: LHB Ben Radach
|
0-0: Called Strike 0-1: Called Strike 0-2: Ball 1-2: Foul Ball, location: 2F 1-2: Ball 2-2: Ground out 3-1 (Groundball, 34S, EV 95.6 MPH)
|
Bottom of the 4th over - 0 runs, 0 hits, 0 errors, 1 left on base; Hudson Valley 3 - Spokane 4 |
TOP OF THE 5TH |
Hudson Valley Renegades batting - Pitching for Spokane Indians : RHP Erik Sever
|
Batting: RHB Chris Thorson
|
0-0: Foul Ball, location: 2F 0-1: Foul Ball, location: 2F 0-2: Ball 1-2: Strikes out swinging
|
Batting: RHB Adam Kaeser
|
0-0: Ball 1-0: Foul Ball, location: 2F 1-1: Foul Ball, location: 2F 1-2: Ball 2-2: DOUBLE (Groundball, 5L, EV 100.6 MPH)
|
Batting: RHB Eddie Zamora
|
0-0: Ball 1-0: Ball 2-0: Foul Ball, location: 2F 2-1: Foul Ball, location: 2F 2-2: Ball 3-2: Foul Ball, location: 2F 3-2: SINGLE (Groundball, 6D, EV 103.8 MPH) Adam Kaeser to third
|
Batting: RHB Eric Waugaman
|
0-0: Ball 1-0: Called Strike 1-1: Swinging Strike 1-2: Ball 2-2: Fielders Choice at 2nd, 4-6 (Groundball, 34, EV 79.4 MPH) Adam Kaeser scores
|
Batting: LHB Alex Genao
|
0-0: Called Strike 0-1: Called Strike 0-2: Ball 1-2: Foul Ball, location: 2F 1-2: Fly out, F7 (Flyball, 78M, EV 93.1 MPH)
|
Top of the 5th over - 1 run, 2 hits, 0 errors, 1 left on base; Hudson Valley 4 - Spokane 4 |
BOTTOM OF THE 5TH |
Spokane Indians batting - Pitching for Hudson Valley Renegades : RHP Yang Meng
|
Batting: LHB Gabriel Graves
|
0-0: Ball 1-0: Swinging Strike 1-1: Ground out 5-3 (Groundball, 6, EV 103.8 MPH)
|
Batting: RHB Dale Aubrey
|
0-0: Ball 1-0: Foul Ball, location: 2F 1-1: Ground out 5-3 (Groundball, 56S, EV 89.4 MPH)
|
Batting: SHB David Simpson
|
0-0: Ground out 4-3 (Groundball, 34, EV 89.4 MPH)
|
Bottom of the 5th over - 0 runs, 0 hits, 0 errors, 0 left on base; Hudson Valley 4 - Spokane 4 |
TOP OF THE 6TH |
Hudson Valley Renegades batting - Pitching for Spokane Indians : RHP Erik Sever
|
Batting: SHB Josif Popovski
|
0-0: Swinging Strike 0-1: SINGLE (Line Drive, 6MD, EV 98.1 MPH)
|
Batting: RHB Kunizo Yanagisawa
|
0-0: Ball 1-0: Ball 2-0: Swinging Strike 2-1: Ball 3-1: Foul Ball, location: 2F 3-2: Strikes out swinging
|
Batting: RHB Jesus Baires
|
0-0: Called Strike 0-1: Ball 1-1: Ball Passed Ball! Josif Popovski to second 2-1: Ball 3-1: Foul Ball, location: 2F 3-2: Base on Balls
|
Batting: SHB Chris Lockart
|
0-0: Called Strike 0-1: Ball 1-1: Swinging Strike 1-2: Foul Ball, location: 2F 1-2: Strikes out swinging
|
Batting: RHB Chris Thorson
|
0-0: Swinging Strike 0-1: Ball 1-1: Swinging Strike 1-2: Ball 2-2: Ball 3-2: Strikes out looking
|
Top of the 6th over - 0 runs, 1 hit, 0 errors, 2 left on base; Hudson Valley 4 - Spokane 4 |
BOTTOM OF THE 6TH |
Spokane Indians batting - Pitching for Hudson Valley Renegades : RHP Yang Meng
|
Batting: LHB Mike Sammons
|
0-0: Ball 1-0: Foul Ball, location: 2F 1-1: Ball 2-1: Ball 3-1: Foul Ball, location: 2F 3-2: SINGLE (Groundball, 34D, EV 99.4 MPH)
|
Pitching: RHP Virgil Laverick
|
|
Batting: LHB Dave Doughty
|
0-0: Foul Ball, location: 2F 0-1: Ball Mike Sammons steals 2nd base 1-1: Fly out, F9 (Flyball, 9LM, EV 79.4 MPH)
|
Batting: LHB Yat-sen Zhu
|
0-0: Intentional Walk
|
Batting: RHB Zi-jing Wang
|
0-0: Called Strike Mike Sammons steals 3rd base Yat-sen Zhu to second 0-1: Ball 1-1: Ground out 6-3 (Groundball, P, EV 85.0 MPH)
|
Pinch Hitting: LHB Alfonso Collazo
|
0-0: Called Strike 0-1: Ball 1-1: SINGLE (Groundball, 6, EV 93.8 MPH) Mike Sammons scores Yat-sen Zhu to third
|
Batting: LHB Ben Radach
|
0-0: Ball 1-0: Ball 2-0: Ball 3-0: Called Strike 3-1: Base on Balls Alfonso Collazo to second
|
Batting: LHB Gabriel Graves
|
0-0: Ball 1-0: Called Strike 1-1: Fly out, F4 (Popup, 4, EV 70.0 MPH)
|
Bottom of the 6th over - 1 run, 2 hits, 0 errors, 3 left on base; Hudson Valley 4 - Spokane 5 |
TOP OF THE 7TH |
Hudson Valley Renegades batting - Pitching for Spokane Indians : RHP Erik Sever
|
Now at 2B: Knud Prins
|
|
Now at SS: Jose Guerrero
|
|
Batting: RHB Adam Kaeser
|
0-0: Ball 1-0: Ball 2-0: Called Strike 2-1: Ground out 5-3 (Groundball, 56S, EV 73.1 MPH)
|
Pitching: RHP Shan-tang Chi
|
|
Pinch Hitting: LHB Josh Redfern
|
0-0: Called Strike 0-1: Ball 1-1: Ball 2-1: SINGLE (Groundball, 56D, EV 108.1 MPH)
|
Batting: RHB Eric Waugaman
|
0-0: Swinging Strike 0-1: Called Strike 0-2: Fielders Choice at 2nd, 5-4 (Groundball, 5L, EV 90.6 MPH)
|
Batting: LHB Alex Genao
|
0-0: Called Strike 0-1: Ball 1-1: Called Strike 1-2: Strikes out looking
|
Top of the 7th over - 0 runs, 1 hit, 0 errors, 1 left on base; Hudson Valley 4 - Spokane 5 |
BOTTOM OF THE 7TH |
Spokane Indians batting - Pitching for Hudson Valley Renegades : RHP Virgil Laverick
|
Now in LF: Brian Hollinger
|
|
Batting: RHB Dale Aubrey
|
0-0: Ground out U3 (Groundball, 3S, EV 78.8 MPH)
|
Batting: SHB David Simpson
|
0-0: Ball 1-0: Ball 2-0: Ball 3-0: Called Strike 3-1: SINGLE (Groundball, 4MD, EV 106.9 MPH)
|
Batting: LHB Mike Sammons
|
0-0: Ball 1-0: Foul Ball, location: 2F 1-1: Ground out 4-3 (Groundball, 34, EV 83.8 MPH) David Simpson to second
|
Batting: LHB Dave Doughty
|
0-0: Called Strike 0-1: Ball 1-1: Ball 2-1: Swinging Strike 2-2: Ball 3-2: Base on Balls
|
Batting: LHB Yat-sen Zhu
|
0-0: Ball 1-0: Called Strike 1-1: Foul Ball, location: 2F 1-2: Foul Ball, location: 2F 1-2: SINGLE (Flyball, 56D, EV 91.9 MPH) David Simpson to third Dave Doughty to second
|
Batting: RHB Zi-jing Wang
|
0-0: Ball 1-0: Swinging Strike 1-1: Foul Ball, location: 2F 1-2: SINGLE (Groundball, 6MD, EV 108.8 MPH) David Simpson scores Dave Doughty to third Yat-sen Zhu to second Runner from 3rd tries for Home, SAFE, throw by CF to home
|
Batting: RHB Jose Guerrero
|
0-0: Ball 1-0: Foul Ball, location: 2F 1-1: Ball 2-1: Foul Ball, location: 2F 2-2: Ball 3-2: Ground out 5-3 (Groundball, 5S, EV 82.5 MPH)
|
Bottom of the 7th over - 2 runs, 3 hits, 0 errors, 2 left on base; Hudson Valley 4 - Spokane 7 |
TOP OF THE 8TH |
Hudson Valley Renegades batting - Pitching for Spokane Indians : RHP Shan-tang Chi
|
Batting: SHB Josif Popovski
|
0-0: Ground out 5-3 (Groundball, 5, EV 85.6 MPH)
|
Batting: RHB Kunizo Yanagisawa
|
0-0: Ball 1-0: Ground out 5-3 (Groundball, 5S, EV 73.1 MPH)
|
Batting: RHB Jesus Baires
|
0-0: Foul Ball, location: 2F 0-1: Ball 1-1: Foul Ball, location: 2F 1-2: Strikes out swinging
|
Top of the 8th over - 0 runs, 0 hits, 0 errors, 0 left on base; Hudson Valley 4 - Spokane 7 |
BOTTOM OF THE 8TH |
Spokane Indians batting - Pitching for Hudson Valley Renegades : RHP Virgil Laverick
|
Pitching: LHP Stephen Robinson
|
|
Batting: LHB Ben Radach
|
0-0: Called Strike 0-1: Ball 1-1: Ball 2-1: Ball 3-1: Swinging Strike 3-2: Base on Balls
|
Batting: RHB Knud Prins
|
0-0: Swinging Strike 0-1: Ball 1-1: Ball Balk! Ben Radach to second 2-1: Ball 3-1: Called Strike 3-2: Fly out, F8 (Flyball, 8LXD, EV 95.0 MPH) Runner from 2nd tags up, SAFE at 3rd, no throw by CF
|
Batting: RHB Dale Aubrey
|
0-0: Called Strike 0-1: Fly out, F6 (Line Drive, 6, EV 63.8 MPH)
|
Batting: SHB David Simpson
|
0-0: Fly out, F8 (Line Drive, 8RD, EV 92.5 MPH)
|
Bottom of the 8th over - 0 runs, 0 hits, 0 errors, 1 left on base; Hudson Valley 4 - Spokane 7 |
TOP OF THE 9TH |
Hudson Valley Renegades batting - Pitching for Spokane Indians : RHP Shan-tang Chi
|
Pitching: LHP Ryan Fulford
|
|
Now at 1B: Tony Mendez
|
|
Batting: SHB Chris Lockart
|
0-0: Ball 1-0: Ball 2-0: Ball 3-0: Called Strike 3-1: Base on Balls
|
Batting: RHB Chris Thorson
|
0-0: Foul Ball, location: 2F 0-1: Swinging Strike 0-2: Ball 1-2: Strikes out looking
|
Batting: RHB Adam Kaeser
|
0-0: Ball 1-0: Grounds into double play, 3-6-1 (Groundball, 34, EV 110.0 MPH)
|
Top of the 9th over - 0 runs, 0 hits, 0 errors, 0 left on base; Hudson Valley 4 - Spokane 7 |
|